[Event "182nd Stay Safe Play From Home series"]
[Site "T#646404Emanuel Laske"]
[Date "2020.05.28"]
[Round "8"]
[White "SoulofWolf"]
[Black "Rogan"]
[Result "0-1"]
[WhiteElo "2114"]
[BlackElo "2232"]
[PlyCount "36"]
[EventDate "2020.05.28"]
[EventType "swiss (blitz)"]
[TimeControl "60"]

1. Nf3 d5 2. c4 c6 3. e3 Bg4 4. b3 Nf6 5. Be2 Nbd7 6. O-O e6 7. Bb2 Bd6 8. a3 Qc7 9. d4 Bxf3 10. Bxf3 Bxh2+ 11. Kh1 Bd6 12. Nd2 e5 13. g3 e4 14. Bg2 h5 15. Bh3 Bxg3 16. fxg3 Qxg3 17. Bg2 Ng4 18. Nf3 exf3 {[%emt 0:00:01] SoulofWolf poddaje siê (Lag: Av=0.28s, max=0.4s)} 0-1